AoeStats
← francoishurdebise

Arabia

508947605Analyzed
1v1 RM · 8d ago on Sep 24, 2026· 30m 15s· 2 players
Game mode
Random Map
Map size
Tiny (2 player)
Population
200
Speed
Normal
Resources
Standard
Victory
Conquest
Starting age
Dark Age
Ending age
Imperial Age
RankedLock teamsTeams togetherTeam positionsShared explorationLock speedFull tech treeHidden civsTurbo modeCheats
Victory
Defeat
🇦🇷 Franks · Argentina
812
+15
🇧🇪 Franks · Belgium
781
-38
Sombra Nocturna Enroscada
9:58 Feudal Age
10:38 Double-Bit Axe
12:12 Loom
14:13 Wheelbarrow
13:24 Loom
19:24 Castle Age
18:05 Gold Mining
18:10 Stone Mining
21:19 Bow Saw
21:54 Scale Barding Armor
22:53 Forging
30:23 Imperial Age
29:08 Murder Holes
29:07 Fletching
30:13 Gold Shaft Mining
francoishurdebise
12:23 Feudal Age
14:17 Double-Bit Axe
16:58 Wheelbarrow
18:05 Loom
18:18 Gold Mining
24:42 Castle Age
27:05 Hand Cart
27:08 Husbandry
Connection lost

Rejoining the realm…

Still unreachable

The connection could not be restored.

Session expired

The server has moved on; the page needs a fresh start.